 Dungeon Crawl Stone Soup version 0.28-a0-503-g83f2989fac (webtiles) character file.

Game seed: 8422191700325462696

1069 bande the Chopper (level 8, -7/49 HPs)
             Began as a Gargoyle Fighter on Sept 21, 2021.
             Was an Initiate of Okawaru.
             Killed from afar by Maggie (17 damage)
             ... with a bolt of fire
             ... on level 6 of the Dungeon.
             The game lasted 00:07:30 (5486 turns).

bande the Chopper (Gargoyle Fighter)                Turns: 5486, Time: 00:07:31

Health: -7/49      AC: 24    Str: 20    XL:     8   Next: 28%
Magic:  0/8        EV: 10    Int: 10    God:    Okawaru [......]
Gold:   253        SH:  4    Dex: 10    Spells: 7/7 levels left

rFire   . . .      SeeInvis .   a - +0 war axe
rCold   . . .      Faith    .   c - +0 buckler
rNeg    + . .      Spirit   +   j - +0 plate armour
rPois   ∞          Reflect  .   h - +0 helmet
rElec   +          Harm     .   o - +1 cloak
rCorr   +          Rampage  .   b - +2 pair of gloves
Will    .....                   (no boots)
Stlth   ..........              k - amulet of guardian spirit
HPRegen 0.16/turn               l - ring of resist corrosion
MPRegen 0.11/turn               n - +4 ring of evasion

@: mesmerised
A: sickness immunity, AC +5, negative energy resistance 1, electricity
resistance, torment resistance 1, petrification resistance
a: Renounce Religion


You were on level 6 of the Dungeon.
You worshipped Okawaru.
Okawaru was noncommittal.
You visited 2 branches of the dungeon, and saw 7 of its levels.

You collected 253 gold pieces.

Inventory:

Hand Weapons
 a - a +0 war axe (weapon)
 f - a +0 flail
Armour
 b - a +2 pair of gloves (worn)
 c - a +0 buckler (worn)
 h - a +0 helmet (worn)
 i - a +0 hat
 j - a +0 plate armour (worn)
 o - a +1 cloak (worn)
Jewellery
 g - a ring of see invisible
 k - an amulet of guardian spirit (around neck)
 l - a ring of resist corrosion (left hand)
 n - a +4 ring of evasion (right hand)
Scrolls
 m - a scroll of holy word
 r - 2 scrolls of teleportation
Potions
 d - 2 potions of might
 e - a potion of curing {unknown}
 p - a potion of brilliance
 q - 2 potions of haste
 s - a potion of heal wounds {unknown}
 t - a potion of mutation {unknown}


   Skills:
 + Level 5.1 Fighting
 + Level 6.6 Axes
 + Level 5.6 Armour
 - Level 0.2 Dodging
 + Level 4.5 Shields


You had 7 spell levels left.
You didn't know any spells.
Your spell library contained the following spells:

 Spells                   Type           Power      Damage    Failure   Level
 Sting                    Tmut/Pois      0%         1d3       100%        1
 Blink                    Tloc           N/A        N/A       100%        2
 Poisonous Vapours        Pois/Air       0%         N/A       100%        2
 Ignite Poison            Fire/Tmut/Pois 0%         N/A       100%        3
 Lesser Beckoning         Tloc           0%         N/A       100%        3
 Mephitic Cloud           Conj/Pois/Air  0%         N/A       100%        3
 Hailstorm                Conj/Ice       0%         3d3       100%        4
 Ice Form                 Ice/Tmut       0%         N/A       100%        4
 Olgreb's Toxic Radiance  Pois           0%         N/A       100%        4
 Freezing Cloud           Conj/Ice/Air   0%         6-21      100%        5
 Manifold Assault         Tloc           0%         N/A       100%        5
 Summon Small Mammal      Summ           Unusable   N/A       N/A         1
 Call Canine Familiar     Summ           Unusable   N/A       N/A         3
 Summon Guardian Golem    Hex/Summ       Unusable   N/A       N/A         3
 Simulacrum               Ice/Necr       Unusable   N/A       N/A         6

Dungeon Overview and Level Annotations

Branches:
Dungeon (6/15)             Temple (1/1) D:5

Altars:
Okawaru
Ru
Sif Muna
Yredelemnul
Zin

Annotations:
D:6 Maggie


Innate Abilities, Weirdness & Mutations

You are immune to sickness and miasma.
Your stone body is resilient. (AC +5)
You are immune to poison.
You resist negative energy. (rN+)
You are resistant to electric shocks. (rElec)
You are resistant to unholy torment.
You are immune to petrification.


Message History

Unknown command.
You slash Maggie!
Maggie is moderately wounded.
You block Maggie's attack. You block the orc priest's attack.
Unknown command.
Your plate armour prevents you from hitting Maggie.
Maggie is moderately wounded.
You block Maggie's attack.
The orc priest hits you but does no damage.
Unknown command.
You slash Maggie!
Maggie is heavily wounded.
Maggie hits you with a +0 halberd of flaming.
Maggie burns you.
The orc priest hits you but does no damage.
Unknown command.
You barely miss Maggie.
Maggie is heavily wounded.
Maggie hits you with a +0 halberd of flaming.
Maggie burns you.
The orc priest miscasts a cantrip.
You hit Maggie but do no damage.
Maggie is heavily wounded.
Maggie gestures wildly while chanting.
Maggie draws you further into her thrall.
The orc priest misses you.
Maggie hits you with a +0 halberd of flaming.
Maggie burns you.
You cannot move away from Maggie!
You cannot move away from Maggie!
Unknown command.
You cannot move away from Maggie!
You hit Maggie but do no damage.
Maggie is heavily wounded.
The orc priest mumbles some strange prayers to Beogh against you.
Beogh smites you!
* * * LOW HITPOINT WARNING * * *
Maggie gestures at you while chanting. The bolt of fire hits you!!
You die...

.# ... ...#
... ..# ....
..+.....
..#....
########o.....
#....@@..#
#........#
#.......<#
#........#
#........#
#........#
####+#....
#..... #.....


You could see Maggie (mesmerising) and an orc priest.

Vanquished Creatures
  A hornet zombie (D:5)
  A black bear (D:5)
  2 ice beasts
  3 ogres (D:4)
  A necrophage (D:4)
  A bullfrog skeleton (D:5)
  2 iguanas (D:5)
  A jelly (D:4)
  An orc wizard (D:5)
  9 adders
  A shadow imp (D:5)
  An ufetubus (D:5)
  2 adder skeletons (D:4)
  A worm (D:2)
  2 dart slugs (D:2)
  5 orcs
  7 ball pythons
  7 endoplasms
  3 giant cockroaches
  4 goblins
  2 hobgoblins
  7 jackals
  5 quokkas
  3 bats
  6 kobolds
  6 rats
84 creatures vanquished.

Vanquished Creatures (collateral kills)
  A hound (D:5)
1 creature vanquished.

Grand Total: 85 creatures vanquished

Notes
Turn   | Place    | Note
-------+----------+-------------------------------------------
     0 | D:1      | bande the Gargoyle Fighter began the quest for the Orb.
     0 | D:1      | Reached XP level 1. HP: 14/14 MP: 1/1
   325 | D:1      | Reached XP level 2. HP: 19/19 MP: 2/2
   817 | D:2      | HP: 1/20 [adder (3)]
   827 | D:2      | Reached skill level 2 in Axes
   827 | D:2      | Reached XP level 3. HP: 3/24 MP: 3/3
  1605 | D:2      | Reached XP level 4. HP: 29/29 MP: 4/4
  2095 | D:2      | Reached skill level 3 in Axes
  2139 | D:2      | Found a faded altar of an unknown god.
  2869 | D:3      | Found a sacrificial altar of Ru.
  3183 | D:4      | Reached XP level 5. HP: 32/33 MP: 5/5
  3242 | D:4      | Noticed a necrophage
  3244 | D:4      | Noticed an ogre
  3246 | D:4      | Noticed an ogre
  3252 | D:4      | Killed a necrophage
  3262 | D:4      | Killed an ogre
  3263 | D:4      | Reached skill level 4 in Axes
  3263 | D:4      | Reached XP level 6. HP: 30/38 MP: 4/6
  3520 | D:4      | Reached skill level 5 in Axes
  3520 | D:4      | Reached XP level 7. HP: 44/44 MP: 7/7
  3750 | D:4      | Reached skill level 5 in Armour
  4103 | D:5      | Entered Level 5 of the Dungeon
  4447 | D:5      | Reached skill level 6 in Axes
  4700 | D:5      | Reached XP level 8. HP: 26/48 MP: 6/8
  4865 | D:5      | Found a staircase to the Ecumenical Temple.
  4874 | Temple   | Entered the Ecumenical Temple
  4887 | Temple   | Became a worshipper of Warmaster Okawaru
  5257 | D:5      | Reached skill level 5 in Fighting
  5471 | D:6      | Noticed Maggie
  5486 | D:6      | Killed from afar by Maggie

Illustrated notes

Levels and vault maps discovered:
D:1:      lordsloth_arrival_two_stooges, layout_loops_cross, serial_park_tiny_1,
          minmay_split_cup_large
D:2:      layout_loops_ring, ebering_ecumenical_altar_mist
D:3:      layout_loops_ring, nicolae_ru_sacrificial_ziggurat, st_stairs_9
D:4:      layout_basic, item_on_display_a
D:5:      layout_loops_corners, temple_fountains
D:6:      layout_gridville, hangedman_decor_opposing, uniq_duvessa, uniq_maggie
Temple:   minmay_crystal_snake_temple

Skill      XL: |  1  2  3  4  5  6  7  8 |
---------------+-------------------------+-----
Axes           | 2 3 4 5 6 |  6.6
Armour         | 4 5 |  5.6
Fighting       | 4 5 |  5.1
Shields        | 4 |  4.5
Dodging        | |  0.2

Action                   |  1- 3 |  4- 6 |  7- 9 || total
-------------------------+-------+-------+-------++-------
Melee: War axe           |   101 |   164 |   174 ||   439
  Use: Scroll            |       |     7 |     4 ||    11
Armor: Scale mail        |    74 |       |       ||    74
       Plate armour      |    17 |    95 |   132 ||   244
Dodge: Dodged            |    72 |    95 |    91 ||   258
Block: Buckler           |    27 |    33 |    36 ||    96

Table legend: (Time is in decaauts)
 A = Elapsed time spent in this place.
 B = Non-inter-level travel time spent in this place.
 C = Inter-level travel time spent in this place.
 D = Time resting spent in this place.
 E = Time spent auto-exploring this place.
 F = Levels seen in this place.
 G = Mean time per level.
                   A        B        C        D        E       F      G
               +--------+--------+--------+--------+--------+-----+--------+
         Total |   5618 |   5598 |     20 |   1058 |   3436 |   7 |  802.6 |
       Dungeon |   5589 |   5569 |     20 |   1058 |   3427 |   6 |  931.5 |
        Temple |     28 |     28 |      0 |      0 |      9 |   1 |   28.0 |
               +--------+--------+--------+--------+--------+-----+--------+

Top non-repeatable levels by time:
     D:2: 1512 daAuts
     D:5: 1368 daAuts
     D:4: 986 daAuts
     D:3: 899 daAuts
     D:1: 806 daAuts
  Temple: 28 daAuts
     D:6: 16 daAuts
